 Dungeon Crawl Stone Soup version 0.18-a0-19-g8b99b3a (webtiles) character file.

299 Ijustatesigmund the Sneak (level 6, -11/49 HPs)
             Began as a Naga Wizard on Nov 1, 2015.
             Was an Initiate of Cheibriados.
             Mangled by an ogre
             ... wielding a +0 giant club
              (22 damage)
             ... on level 3 of the Dungeon.
             The game lasted 00:12:14 (3548 turns).

Ijustatesigmund the Sneak (Naga Wizard)             Turns: 3548, Time: 00:12:15

Health: -11/49     AC:  7    Str: 10    XL:     6   Next: 36%
Magic:  2/10       EV:  7    Int: 20    God:    Cheibriados [......]
Gold:   164        SH:  0    Dex: 10    Spells: 4 memorised, 3 levels left

rFire  . . .     SeeInvis +     j - +2 short sword (freeze)
rCold  . . .     Clarity  .     m - +0 leather armour (curse)
rNeg   . . .     SustAt   .     (no shield)
rPois  +         Gourm    .     b - +0 hat
rElec  .         Spirit   .     (no cloak)
rCorr  .         Warding  .     (no gloves)
rMut   .         Stasis   .     e - +0 naga barding
MR     .....                    (no amulet)
Stlth  +++.......               (no ring)
                                f - -2 ring of intelligence (curse)

@: very slightly contaminated, repel missiles, very slow, not resistant to
hostile enchantments, fairly stealthy
A: see invisible, deformed body, poison resistance, slowness 2, slow metabolism
1, spit poison 2, AC +2
a: Spit Poison, Bend Time, Renounce Religion


You were on level 3 of the Dungeon.
You worshipped Cheibriados.
Cheibriados was noncommittal.
You were not hungry.

You visited 2 branches of the dungeon, and saw 6 of its levels.

You collected 164 gold pieces.

Inventory:

Hand Weapons
 j - a +2 short sword of freezing (weapon)
 n - a +0 falchion of holy wrath
Armour
 a - a +0 robe
 b - a +0 hat (worn)
 e - a +0 naga barding (worn)
 m - a cursed +0 leather armour (worn)
Jewellery
 f - a cursed -2 ring of intelligence (left hand)
Scrolls
 g - a scroll of recharging
 l - a scroll of fog
Potions
 h - a potion of invisibility {unknown}
 i - 2 potions of ambrosia {unknown}
 k - a potion of cancellation
 p - a potion of curing {unknown}
Books
 c - a book of Minor Magic

   Spells                             Type                      Level
   a - Magic Dart                     Conjuration                  1
   b - Blink                          Translocation                2
   c - Call Imp                       Summoning                    2
   d - Repel Missiles                 Charms/Air                   2
   e - Slow                           Hexes                        2
   f - Conjure Flame                  Conjuration/Fire             3
   g - Mephitic Cloud                 Conjuration/Poison/Air       3
Comestibles
 d - a bread ration
 o - a slice of pizza


   Skills:
 + Level 2.7 Short Blades
 - Level 1.5 Dodging
 + Level 6.9 Stealth
 - Level 3.0 Spellcasting
 + Level 3.6 Conjurations
   Level 1.0 Summonings
 - Level 1.0 Translocations


You had 3 spell levels left.
You knew the following spells:

 Your Spells              Type           Power        Failure   Level  Hunger
a - Magic Dart            Conj           ###.         6%          1    None
b - Blink                 Tloc           N/A          21%         2    ##.....
c - Repel Missiles        Chrm/Air       #.....       34%         2    ##.....
d - Mephitic Cloud        Conj/Pois/Air  #.......     41%         3    ###....


Dungeon Overview and Level Annotations

Branches:
Dungeon (5/15)             Temple (1/1) D:4

Altars:
Cheibriados
Dithmenos
Gozag
Kikubaaqudgha
Makhleb
Nemelex Xobeh
Qazlal
Ru
Xom
Yredelemnul
The Shining One

Annotations:
D:3 mrath's ghost, amateur GrEE


Innate Abilities, Weirdness & Mutations

You cannot wear boots.
Your serpentine skin is tough (AC +2).
You have supernaturally acute eyesight.
Armour fits poorly on your strangely shaped body.
Your system is resistant to poisons.
You cover ground very slowly.
You have a slow metabolism.
You can spit poison.


Message History

* * * LOW HITPOINT WARNING * * *
Casting: Magic Dart
Confirm with . or Enter, or press ? or * to list all spells.
Aiming: Mephitic Cloud
Press: ? - help, Shift-Dir - straight line, f/p - ogre
Aim: an ogre, wielding a giant club (heavily wounded)
The ball explodes into a vile cloud!
The stinking cloud engulfs the ogre.
The ogre is heavily wounded.
The stinking cloud engulfs you!
The ogre is engulfed in noxious fumes.
The ogre appears confused.
You are too injured to fight recklessly!
You are too injured to fight recklessly!
The ogre is engulfed in noxious fumes.
The ogre appears confused.
A rat comes into view.
You catch the helpless ogre completely off-guard!
You hit the ogre. You freeze the ogre.
The ogre is severely wounded.
The ogre is engulfed in noxious fumes.
The ogre appears confused.
The ogre hits you with a giant club!!
You die...

##.....##.# ##.....
#.......#.###..##..
#.......#...[.###..
#.......###(..###..
##.....## #)#......
##.....## #.####...
#.......###.####... #.
#.§.§...##.........
#...#.@O........######?
#.r...<....###.## ##
#...###...####.# ##
#... ###......# ###.
##. ######...#####... #
#..............##
#####..##...####
##.####..####
#..........#


You could see an ogre (confused) and a rat.

Vanquished Creatures
  An ogre (D:4)
  A hound (D:3)
  An orc wizard (D:3)
  A worker ant (D:4)
  An iguana (D:5)
  An adder (D:3)
  2 oozes
  2 adder skeletons (D:4)
  3 worms
  7 orcs
  8 bats
  3 giant cockroaches
  7 goblins
  7 hobgoblins
  6 jackals
  A ball python (D:3)
  7 giant geckos
  2 giant newts
  9 kobolds
  5 rats
75 creatures vanquished.

Notes
Turn   | Place    | Note
--------------------------------------------------------------
     0 | D:1      | Ijustatesigmund the Naga Wizard began the quest for the Orb.
     0 | D:1      | Reached XP level 1. HP: 15/15 MP: 4/4
   238 | D:1      | Reached XP level 2. HP: 14/22 MP: 0/6
   242 | D:1      | Learned a level 2 spell: Blink
   245 | D:1      | Learned a level 2 spell: Repel Missiles
   379 | D:2      | HP: 1/22 [kobold/short sword (2)]
   733 | D:1      | Reached skill level 4 in Stealth
  1027 | D:1      | Reached XP level 3. HP: 20/28 MP: 1/7
  1529 | D:2      | Reached skill level 1 in Short Blades
  1669 | D:2      | Found an ancient bone altar of Kikubaaqudgha.
  1778 | D:2      | Reached XP level 4. HP: 36/36 MP: 8/8
  1935 | D:2      | Learned a level 3 spell: Mephitic Cloud
  2167 | D:3      | Reached skill level 5 in Stealth
  2194 | D:3      | Reached XP level 5. HP: 26/42 MP: 1/9
  2614 | D:3      | Found a basalt altar of Yredelemnul.
  2614 | D:3      | Noticed an ogre
  2615 | D:3      | Found a sparkling altar of Nemelex Xobeh.
  2615 | D:3      | Noticed mrath's ghost (amateur GrEE)
  2881 | D:4      | Noticed an ogre
  2885 | D:5      | Entered Level 5 of the Dungeon
  2891 | D:5      | Reached skill level 6 in Stealth
  3159 | D:4      | Killed an ogre
  3159 | D:4      | Reached XP level 6. HP: 49/49 MP: 6/10
  3237 | D:4      | Found a staircase to the Ecumenical Temple.
  3248 | Temple   | Entered the Ecumenical Temple
  3273 | Temple   | Became a worshipper of Cheibriados the Contemplative
  3423 | D:3      | Found a sparkling altar of Nemelex Xobeh.
  3548 | D:3      | Mangled by an ogre

Vault maps used:
D:1:      roderic_chinese_lattice_arrival
D:2:      nicolae_overflow_crystal_walls
D:3:      gammafunk_temple_overflow_pools, nemelex_dance_club_becter
D:4:      lemuel_blue_sif_altar, minmay_temple_entry_trees,
          minmay_misc_feat_cross, nicolae_dithmenos_shadow_blocks
D:5:      minitemple, first_bread
Temple:   circular_temple_12

Action                   |  1- 3 |  4- 6 || total
-------------------------+-------+-------++-------
Melee: Unarmed           |    18 |       ||    18
       Short sword       |    25 |   117 ||   142
 Cast: Magic Dart        |    87 |    44 ||   131
       Repel Missiles    |     1 |       ||     1
       Mephitic Cloud    |       |     3 ||     3
  Use: Scroll            |     7 |     5 ||    12
       Potion            |       |     2 ||     2
 Stab: Confused          |       |     2 ||     2
       Sleeping          |       |     2 ||     2
  Eat: Chunk             |     1 |     5 ||     6
